 Dungeon Crawl Stone Soup version 0.22.1-1-ga44c0e5 (webtiles) character file.

42 inc the Scratcher (level 3, 14/14 HPs)
             Began as a Felid Conjurer on Oct 27, 2018.
             Quit the game on level 3 of the Dungeon.
             The game lasted 00:03:39 (3147 turns).

inc the Scratcher (Felid Conjurer)                  Turns: 3147, Time: 00:03:40

Health: 14/14      AC:  1    Str:  4    XL:     3   Next: 35%
Magic:  7/7        EV: 18    Int: 16    God:
Gold:   120        SH:  0    Dex: 17    Spells: 5/6 levels left
                                        Lives:  0   Deaths: 1

rFire    . . .     SeeInvis +     - Unarmed
rCold    . . .     Gourm    .   (shield unavailable)
rNeg     . . .     Faith    .   (armour unavailable)
rPois    .         Spirit   .   (helmet unavailable)
rElec    .         Reflect  .   (cloak unavailable)
rCorr    .         Harm     .   (gloves unavailable)
MR       .....                  (boots unavailable)
Stlth    +++.......             (no amulet)
HPRegen  0.04/turn              (no ring)
MPRegen  0.10/turn              (no ring)

@: quick
A: very small, no armour, no weapons or thrown items, stealth, claws 1, fangs 3,
see invisible, carnivore, speed 1, shaggy fur 1, slow metabolism 1, sharp paws
a: no special abilities


You were on level 3 of the Dungeon.
You were not hungry.

You visited 1 branch of the dungeon, and saw 3 of its levels.

You collected 120 gold pieces.

Inventory:

Jewellery
 h - an uncursed ring of see invisible {unknown}
Scrolls
 d - a scroll of remove curse {unknown}
 f - a scroll of amnesia {unknown}
 g - a scroll of identify {unknown}
Potions
 a - 2 potions of heal wounds {unknown}
 c - 2 potions of curing {unknown}
 e - a potion of invisibility {unknown}
Comestibles
 b - 6 rations


   Skills:
 - Level 2.6 Dodging
 - Level 2.6 Stealth
 + Level 4.0 Unarmed Combat
 - Level 2.0 Spellcasting
 - Level 3.6 Conjurations


You had 5 spell levels left.
You knew the following spells:

 Your Spells              Type           Power        Failure   Level  Hunger
a - Magic Dart            Conj           ##..         4%          1    #......

Your spell library contained the following spells:

 Spells                   Type           Power        Failure   Level  Hunger
 Searing Ray              Conj           ##....       7%          2    ###....
 Animate Skeleton         Necr           N/A          21%         1    #......
 Apportation              Tloc           #.....       21%         1    #......
 Confusing Touch          Hex            #.....       21%         1    #......
 Summon Small Mammal      Summ           #...         21%         1    #......
 Dazzling Spray           Conj/Hex       #.....       28%         3    ###....
 Iskenderun's Mystic Bla  Conj           ##......     41%         4    #####..
 Force Lance              Conj/Tloc      #.......     67%         4    #####..
 Fulminant Prism          Conj/Hex       #.........   67%         4    #####..


Dungeon Overview and Level Annotations

Branches:
Dungeon (3/15)

Altars:
Fedhas
Qazlal

Annotations:
D:2 exclusion: oklob plant


Innate Abilities, Weirdness & Mutations

You cannot wear armour.
You are incapable of wielding weapons or throwing items.
Your paws allow you to move quietly. (Stealth)
You have sharp claws.
You have razor-sharp teeth.
You have supernaturally acute eyesight. (SInv)
You are carnivorous and can eat meat at any time.
You cover ground quickly.
You are covered in fur. (AC +1)
You have a slow metabolism.
Your sharp claws are effective at attacking unaware monsters.


Message History

Press: ? - help, Shift-Dir - straight line, f/p - orc wizard
Aim: an orc wizard, wielding a dagger and wearing a robe (heavily wounded, The magic dart hits the orc wizard.
The orc wizard is heavily wounded.
The orc wizard misses you.
Casting: Magic Dart (safe; 4% risk of failure)
Confirm with . or Enter, or press ? or * to list all spells.
Aiming: Magic Dart (safe; 4% risk of failure)
Press: ? - help, Shift-Dir - straight line, f/p - orc wizard
Aim: an orc wizard, wielding a dagger and wearing a robe (heavily wounded, The magic dart hits the orc wizard.
The orc wizard is heavily wounded.
The orc wizard points at you and mumbles some strange words.
The magic dart hits you!
You die...
The orc wizard miscasts a cantrip.
You are now level 3!
You rejoin the land of the living...
Found a ration.
Are you sure you want to abandon this character and quit the game? (Confirm

.. ..# # #
#..##. .# .
.....####.##..
..#...#........
...............
#...........
#@# #.# .%#
.... ###.# #.#
#. #.# #. ..#
##.# ##...


There were no monsters in sight!

Vanquished Creatures
  Robin (D:2)
  2 adders (D:2)
  A worm (D:2)
  A leopard gecko (D:1)
  2 orcs (D:3)
  A ball python (D:2)
  5 bats
  6 giant cockroaches
  11 goblins
  9 hobgoblins
  2 jackals (D:1)
  2 frilled lizards
  8 kobolds
  A rat (D:1)
52 creatures vanquished.

Notes
Turn   | Place    | Note
-------+----------+-------------------------------------------
     0 | D:1      | inc the Felid Conjurer began the quest for the Orb.
     0 | D:1      | Reached XP level 1. HP: 7/7 MP: 4/4
   172 | D:1      | Reached skill level 1 in Unarmed Combat
   346 | D:1      | Reached XP level 2. HP: 11/11 MP: 3/6
   487 | D:1      | Reached skill level 2 in Unarmed Combat
   846 | D:2      | Noticed Robin
   938 | D:2      | Reached XP level 3. HP: 14/14 MP: 2/7
  1215 | D:2      | Found a blossoming altar of Fedhas.
  1227 | D:2      | Noticed an oklob plant
  1317 | D:2      | Reached skill level 3 in Unarmed Combat
  1659 | D:2      | Killed Robin
  1955 | D:2      | Found a stormy altar of Qazlal.
  2007 | D:2      | Reached XP level 4. HP: 18/18 MP: 3/8
  2878 | D:3      | Reached skill level 4 in Unarmed Combat
  3146 | D:3      | Killed from afar by an orc wizard
  3147 | D:3      | Reached XP level 3. HP: -1/14 MP: 2/7
  3147 | D:3      | Quit the game

Skill      XL: |  1  2  3  4 |
---------------+-------------+-----
Unarmed Combat | 1 2 3 4 |  4.0
Dodging        | |  2.6
Stealth        | |  2.6
Spellcasting   | |  2.0
Conjurations   | |  3.6

Action                   |  1- 3 |  4- 6 || total
-------------------------+-------+-------++-------
Melee: Unarmed           |    48 |       ||    48
       Bite              |     4 |       ||     4
 Cast: Magic Dart        |    88 |    38 ||   126
  Eat: Chunk             |     2 |     2 ||     4
Armor: Skin              |     3 |     1 ||     4
Dodge: Dodged            |    73 |     8 ||    81
